 Dungeon Crawl Stone Soup version 0.32-a0-22-g6ae6769602 (webtiles) character file.

Game seed: 14322598823374302239

1934 cforsyth the Magician (level 9, -1/65 HPs)
             Began as a Djinni Alchemist on Jan 18, 2024.
             Slain by Edmund
             ... wielding a +6 heavy flail
              (10 damage)
             ... on level 6 of the Dungeon.
             The game lasted 00:12:39 (5990 turns).

cforsyth the Magician (Djinni Alchemist)            Turns: 5990, Time: 00:12:40

Health: -1/65      AC:  4    Str:  7    XL:     9   Next: 40%
Gold:   204        EV: 13    Int: 22    God:
                   SH:  0    Dex: 13

rFire   + + +        (no weapon)
rCold   . . .        (no shield)
rNeg    . . .        D - +1 robe {rC+ rF+}
rPois   ∞            e - +0 helmet
rElec   .            (no cloak)
rCorr   .            (no gloves)
SInv    .            (boots unavailable)
Will    +....        (no amulet)
Stlth   ++           m - ring of willpower
HPRegen 0.30/turn    (no ring)
MPRegen 0.00/turn

%: infuse magic (-2 HP)
@: flying
A: sickness immunity, fire resistance 2, cold vulnerability 1, float, innate
caster, HP casting, extra vitality 1
a: no special abilities


You were on level 6 of the Dungeon.
You visited 1 branch of the dungeon, and saw 6 of its levels.
You also visited: Sewer.

You collected 204 gold pieces.

Inventory:

Armour
 a - a +0 robe
 e - a +0 helmet (worn)
 f - a +0 buckler
 z - a +0 kite shield
 D - a +1 robe of resistance (worn)
Jewellery
 j - an amulet of faith
 m - a ring of willpower (left hand)
 q - a ring of protection from fire
 B - a +4 ring of slaying
Wands
 x - a wand of polymorph (13)
Scrolls
 d - a scroll of enchant weapon {unknown}
 h - a scroll of torment {unknown}
 k - a scroll of blinking
 r - 3 scrolls of teleportation
 t - a scroll of fear {unknown}
 w - 2 scrolls of vulnerability {unknown}
 y - 4 scrolls of identify
 A - a scroll of butterflies {unknown}
 C - a scroll of enchant armour {unknown}
 E - a scroll of brand weapon {unknown}
Potions
 b - a potion of degeneration {unknown}
 c - 5 potions of heal wounds
 g - 2 potions of curing {unknown}
 i - 3 potions of mutation
 l - 3 potions of enlightenment
 n - 2 potions of resistance {unknown}
 o - 2 potions of ambrosia {unknown}
 p - a potion of haste {unknown}
 s - a potion of brilliance {unknown}
 u - a potion of attraction {unknown}
 v - 3 potions of lignification {unknown}


   Skills:
 + Level 5.1 Fighting
 - Level 5.0 Dodging
 - Level 4.0 Stealth
 - Level 5.0 Shields
 + Level 6.1 Spellcasting
 + Level 6.1 Conjurations
 + Level 6.1 Hexes
 + Level 6.1 Summonings
 + Level 6.1 Necromancy
 + Level 6.1 Translocations
 + Level 6.1 Fire Magic
 + Level 6.1 Ice Magic
 + Level 6.1 Air Magic
 + Level 6.1 Earth Magic
 + Level 6.1 Alchemy


You knew the following spells:

 Your Spells              Type           Power      Damage    Failure   Level
a - Sting                 Conj/Alch      100%       1d9       1%          1
b - Mercury Vapours       Alch/Air       66%        N/A       1%          2
c - Mephitic Cloud        Conj/Alch/Air  33%        N/A       2%          3
d - Olgreb's Toxic Radia  Alch           33%        N/A       7%          4
e - Sticky Flame          Fire/Alch      33%        2d7       7%          4
f - Apportation           Tloc           66%        N/A       1%          1
g - Call Imp              Summ           66%        N/A       1%          2
h - Hailstorm             Conj/Ice       33%        3d8       2%          3
i - Passwall              Erth           33%        N/A       2%          3
Your spell library was empty.

Dungeon Overview and Level Annotations

Branches:
Dungeon (6/15)              Sewer (visited)
 Temple: D:4-7

Altars:
Ashenzari
Gozag

Shops:
D:6 (!

Annotations:
D:6 Edmund


Innate Abilities, Weirdness & Mutations

You are immune to sickness and miasma.
You are immune to poison.
Your flesh is very heat resistant. (rF++)
You are vulnerable to cold. (rC-)
You float through the air rather than walking.
You learn spells naturally, not from books.
Your magical power is your life essence.
You have superior vitality. (+4 MHP)


Message History

Casting: Mephitic Cloud (dangerous; 2% risk of failure)
Confirm with . or Enter, or press ? or * to list all spells.
Aiming: Mephitic Cloud (dangerous; 2% risk of failure)
Press: ? - help, Shift-Dir - straight line, f/p - orc priest
Aim: an orc priest, wielding a +0 dagger and wearing a +0 ring mail (noxious fumes, severely wounded, very poisoned, chance to affect: 86%)
The ball explodes into a vile cloud!
The stinking cloud engulfs Edmund.
The stinking cloud engulfs you.
The orc priest is engulfed in noxious fumes.
The orc priest appears confused.
Edmund is engulfed in noxious fumes.
Edmund appears confused.
Edmund hits you with a +6 heavy flail!
You are too injured to fight recklessly!
Casting: Mephitic Cloud (dangerous; 2% risk of failure)
Confirm with . or Enter, or press ? or * to list all spells.
Aiming: Sting (safe; 1% risk of failure)
Press: ? - help, Shift-Dir - straight line, f/p - orc priest
Aim: an orc priest, wielding a +0 dagger and wearing a +0 ring mail (noxious fumes, almost dead, confused, very poisoned, 95% to hit)
The sting hits Edmund.
Edmund is poisoned.
Edmund is lightly wounded.
You kill the orc priest!
Casting: Sting (safe; 1% risk of failure)
Confirm with . or Enter, or press ? or * to list all spells.
Aiming: Sting (safe; 1% risk of failure)
Press: ? - help, Shift-Dir - straight line, f - Edmund
Aim: Edmund, wielding a +6 heavy flail, wearing a +0 ring mail and carrying a wand of flame (noxious fumes, lightly wounded, confused, poisoned, 95% to hit)
The sting hits Edmund!
Edmund looks even sicker.
Edmund is moderately wounded.
Edmund is engulfed in noxious fumes.
Edmund hits you with a +6 heavy flail!
* * * LOW HITPOINT WARNING * * *
Casting: Sting (safe; 1% risk of failure)
Confirm with . or Enter, or press ? or * to list all spells.
Aiming: Sting (safe; 1% risk of failure)
Press: ? - help, Shift-Dir - straight line, f/p - Edmund
Aim: Edmund, wielding a +6 heavy flail, wearing a +0 ring mail and carrying a wand of flame (noxious fumes, heavily wounded, confused, very poisoned, 95% to hit)
The sting hits Edmund but does no damage.
Edmund looks even sicker.
Edmund is heavily wounded.
* * * LOW HITPOINT WARNING * * *
Edmund is engulfed in noxious fumes.
Edmund appears confused.
Edmund hits you with a +6 heavy flail!
You die...

#.#.########.#
#)#..........#
#>############
#.#######
#.......#
#...###...
###..##
##.§####
##@@§○#
###§§§.#
..$....
.♣.♣.♣.
@.∩.⌠.∩ .♣
♣.♣. .. ⌠.⌠ .♣
♣.


You could see Edmund (confused, very poisoned).

Vanquished Creatures
  Sigmund (D:4)
  5 black bears
  An ice beast (D:5)
  2 ogres (D:4)
  A phantom (D:6)
  2 bullfrogs (Sewer)
  A scorpion (D:6)
  2 howler monkeys (D:6)
  2 hounds
  2 orc priests
  6 iguanas
  4 orc wizards
  18 adders
  4 river rats
  A shadow imp (D:5)
  2 dart slugs (D:3)
  3 ribbon worms
  11 orcs
  19 ball pythons
  8 bats
  3 endoplasms
  5 giant cockroaches
  3 goblins
  4 hobgoblins
  2 jackals (D:4)
  6 quokkas
  4 frilled lizards
  4 kobolds (D:1)
  24 rats
150 creatures vanquished.

Vanquished Creatures (others)
  An electric eel (D:6)
1 creature vanquished.

Grand Total: 151 creatures vanquished

Notes
Turn   | Place    | Note
-------+----------+-------------------------------------------
     0 | D:1      | cforsyth the Djinni Alchemist began the quest for the Orb.
     0 | D:1      | cforsyth set off with the following spells memorised:
                  | Sting, Mercury Vapours, Mephitic Cloud, Olgreb's Toxic
                  | Radiance, Sticky Flame.
     0 | D:1      | Reached XP level 1. HP: 15/15 MP: 0/0
   126 | D:1      | Reached XP level 2. HP: 10/21 MP: 0/0
   342 | D:1      | Reached XP level 3. HP: 18/25 MP: 0/0
   342 | D:1      | Learned a level 1 spell: Apportation
  1232 | D:3      | Reached XP level 4. HP: 29/31 MP: 0/0
  1309 | D:3      | Found a glowing drain.
  1388 | Sewer    | Entered a sewer
  1418 | Sewer    | Reached XP level 5. HP: 19/35 MP: 0/0
  1418 | Sewer    | Learned a level 2 spell: Call Imp
  1969 | Sewer    | Noticed a bullfrog
  1973 | Sewer    | Noticed a bullfrog
  1988 | Sewer    | Killed a bullfrog
  1989 | Sewer    | Reached XP level 6. HP: 12/40 MP: 0/0
  2374 | D:3      | Noticed a black bear
  2385 | D:3      | Killed a black bear
  2386 | D:3      | Reached XP level 7. HP: 35/45 MP: 0/0
  2386 | D:3      | Learned a level 3 spell: Hailstorm
  2555 | D:3      | Reached skill level 5 in Dodging
  3241 | D:4      | Reached skill level 1 in Fighting
  3241 | D:4      | Reached skill level 1 in Shields
  3398 | D:4      | Reached XP level 8. HP: 49/54 MP: 0/0
  3590 | D:4      | Noticed Sigmund
  3598 | D:4      | Killed Sigmund
  3599 | D:4      | Reached skill level 5 in Spellcasting
  3599 | D:4      | Reached skill level 5 in Conjurations
  3599 | D:4      | Reached skill level 5 in Hexes
  3599 | D:4      | Reached skill level 5 in Summonings
  3599 | D:4      | Reached skill level 5 in Necromancy
  3599 | D:4      | Reached skill level 5 in Translocations
  3599 | D:4      | Reached skill level 5 in Fire Magic
  3599 | D:4      | Reached skill level 5 in Ice Magic
  3599 | D:4      | Reached skill level 5 in Air Magic
  3599 | D:4      | Reached skill level 5 in Earth Magic
  3599 | D:4      | Reached skill level 5 in Alchemy
  4207 | D:5      | Entered Level 5 of the Dungeon
  4839 | D:5      | Found a broken altar of Ashenzari.
  4875 | D:5      | Found an opulent altar of Gozag.
  4920 | D:5      | Reached XP level 9. HP: 55/62 MP: 0/0
  4920 | D:5      | Learned a level 3 spell: Passwall
  5725 | D:6      | Found Ryzyb's Weapon Shop.
  5730 | D:6      | Found Arraikawk's Distillery.
  5743 | D:6      | Noticed Edmund
  5984 | D:6      | Reached skill level 5 in Fighting
  5984 | D:6      | Reached skill level 5 in Shields
  5990 | D:6      | Slain by Edmund

Illustrated notes

Levels and vault maps discovered:
D:1:      spicycebolla_arrival_ecumenical, layout_basic
D:2:      layout_rooms, dk_noncrumbling_4
D:3:      layout_loops_ring, gup_sewer_entry_bubbles, nrook_mini_backslash,
          kennysheep_generic_room_15
D:4:      layout_gridville, uniq_sigmund
D:5:      layout_basic, kennysheep_mini,
          nicolae_gozag_cash_rules_everything_around_me, kennysheep_doodads
D:6:      layout_basic, lemuel_crystal_altar, minmay_shop_grid_forest,
          serial_bayou_pond_b, uniq_jeremiah, uniq_edmund

Skill      XL: |  1  2  3  4  5  6  7  8  9 |
---------------+----------------------------+-----
Stealth        | 2 3 4 |  4.0
Dodging        | 3 4 5 |  5.0
Spellcasting   | 4 5 6 |  6.1
Conjurations   | 4 5 6 |  6.1
Hexes          | 4 5 6 |  6.1
Summonings     | 4 5 6 |  6.1
Necromancy     | 4 5 6 |  6.1
Translocations | 4 5 6 |  6.1
Fire Magic     | 4 5 6 |  6.1
Ice Magic      | 4 5 6 |  6.1
Air Magic      | 4 5 6 |  6.1
Earth Magic    | 4 5 6 |  6.1
Alchemy        | 4 5 6 |  6.1
Fighting       | 2 4 5 |  5.1
Shields        | 2 4 5 |  5.0

Action                     |  1- 3 |  4- 6 |  7- 9 || total
---------------------------+-------+-------+-------++-------
  Melee: Unarmed           |     3 |    13 |     2 ||    18
   Cast: Sting             |    66 |    99 |   180 ||   345
         Mephitic Cloud    |       |     6 |    33 ||    39
         Sticky Flame      |       |       |     4 ||     4
    Use: Potion            |       |     1 |       ||     1
         Scroll            |       |       |     5 ||     5
   Stab: Confused          |       |       |     2 ||     2
 Armour: Robe              |    25 |    45 |    34 ||   104
  Dodge: Dodged            |    23 |    60 |    46 ||   129

Table legend: (Time is in decaauts)
 A = Elapsed time spent in this place.
 B = Non-inter-level travel time spent in this place.
 C = Inter-level travel time spent in this place.
 D = Time resting spent in this place.
 E = Time spent auto-exploring this place.
 F = Levels seen in this place.
 G = Mean time per level.
                   A        B        C        D        E       F      G
               +--------+--------+--------+--------+--------+-----+--------+
         Total |   5993 |   5728 |    265 |    593 |   4047 |   7 |  856.1 |
       Dungeon |   5087 |   4822 |    265 |    393 |   3562 |   6 |  847.8 |
         Sewer |    905 |    905 |      0 |    200 |    485 |   1 |  905.0 |
               +--------+--------+--------+--------+--------+-----+--------+

Top non-repeatable levels by time:
     D:5: 1359 daAuts
     D:4: 1079 daAuts
     D:3: 1025 daAuts
   Sewer: 905 daAuts
     D:1: 765 daAuts
     D:2: 475 daAuts
     D:6: 382 daAuts
